 Dungeon Crawl Stone Soup version 0.28-a0-1415-g7c84da036a (webtiles) character file.

Game seed: 7833455080507065800

23 fragbeetle the Ruffian (level 2, -1/23 HPs)
             Began as a Draconian Transmuter on Jan 7, 2022.
             Slain by Terence (2 damage)
             ... on level 2 of the Dungeon.
             The game lasted 00:01:51 (943 turns).

fragbeetle the Ruffian (Draconian Transmuter)        Turns: 943, Time: 00:01:52

Health: -1/23      AC:  5    Str: 12    XL:     2   Next: 75%
Magic:  4/5        EV: 12    Int: 13    God:
Gold:   64         SH:  0    Dex: 11    Spells: 4/5 levels left

rFire   . . .      SeeInvis .     - Unarmed
rCold   . . .      Faith    .   (no shield)
rNeg    . . .      Spirit   .   (armour unavailable)
rPois   .          Reflect  .   (helmet currently unavailable)
rElec   .          Harm     .   (no cloak)
rCorr   .          Rampage  .   a - +0 pair of gloves
Will    .....                   (boots currently unavailable)
Stlth   +.........              (no amulet)
HPRegen 0.07/turn               (no ring)
MPRegen 0.09/turn               (no ring)

@: appendages
A: horns 2, talons 2, AC +4, unfitting armour, cold-blooded
a: End Transformation


You were on level 2 of the Dungeon.
You had temporarily grown beastly horns and talons.
You visited 1 branch of the dungeon, and saw 2 of its levels.

You collected 64 gold pieces.

Inventory:

Missiles
 d - 9 poisoned darts
Armour
 a - a +0 pair of gloves (worn)
Scrolls
 b - a scroll of teleportation {unknown}
 c - a scroll of blinking {unknown}
Potions
 e - a potion of degeneration {unknown}


   Skills:
 + Level 1.4 Fighting
 + Level 2.0 Dodging
 * Level 3.3 Unarmed Combat
 + Level 2.2 Spellcasting
 * Level 2.4 Transmutations


You had 4 spell levels left.
You knew the following spells:

 Your Spells              Type           Power      Damage    Failure   Level
a - Beastly Appendage     Tmut           14%        N/A       9%          1

Your spell library contained the following spells:

 Spells                   Type           Power      Damage    Failure   Level
 Wereblood                Tmut           7%         N/A       14%         2
 Corpse Rot               Necr/Air       2%         N/A       36%         2
 Poisonous Vapours        Pois/Air       2%         N/A       36%         2
 Spider Form              Tmut/Pois      4%         N/A       41%         3
 Ice Form                 Ice/Tmut       4%         N/A       83%         4


Dungeon Overview and Level Annotations

Branches:
Dungeon (2/15)

Altars:

Annotations:
D:2 Terence


Innate Abilities, Weirdness & Mutations

You have temporarily grown beastly horns and talons.
Your plain brown scales are hard. (AC +4)
You cannot fit into any form of body armour.
You are cold-blooded and may be slowed by cold attacks.


Message History

You hit Terence but do no damage. You headbutt Terence.
Terence is moderately wounded.
Your transformation is almost over.
Terence barely misses you.
You closely miss Terence. You claw Terence.
Terence is moderately wounded.
Terence hits you with a +0 mace.
You hit Terence but do no damage.
Terence is moderately wounded.
Terence hits you with a +0 mace.
You barely miss Terence. Your kick misses Terence.
Terence is moderately wounded.
A frilled lizard comes into view.
Terence barely misses you.
You hit Terence but do no damage. You claw Terence.
Terence is heavily wounded.
Terence hits you with a +0 mace.
You hit Terence.
Terence is heavily wounded.
Terence barely misses you.
You hit Terence but do no damage. Your headbutt misses Terence.
Terence is heavily wounded.
Terence closely misses you.
You closely miss Terence.
You tail-slap Terence, but do no damage.
Terence is heavily wounded.
Terence hits you but does no damage.
You hit Terence. Your kick misses Terence.
Terence is severely wounded.
Your horns disappear.
Your talons disappear.
A kobold comes into view. It is wielding a +4 whip of distortion.
Terence hits you with a +0 mace!
* * * LOW HITPOINT WARNING * * *
You are too injured to fight recklessly!
Casting: Beastly Appendage (safe; 9% risk of failure)
Confirm with . or Enter, or press ? or * to list all spells.
You grow a pair of large bovine horns.
Your feet morph into talons.
The kobold shouts!
Terence hits you with a +0 mace.
You die...

#...#.# #...#.#
#..@#K# #
#...#.##
#.#.....l#
#......ww#
###...##g#
##...#@# #.#†#@#
#.#.#.#
#.....#####
###.......#
...####...#####.#
#.........#
.#####.####
#.......#
#.......#


You could see Terence, a worm, a dart slug, a goblin, a kobold and a frilled
lizard.

Vanquished Creatures
  2 dart slugs (D:1)
  4 endoplasms (D:1)
  A hobgoblin (D:1)
  3 ball pythons (D:1)
  A bat (D:1)
  3 frilled lizards
  A goblin (D:1)
  3 kobolds
  4 rats (D:1)
22 creatures vanquished.

Notes
Turn   | Place    | Note
-------+----------+-------------------------------------------
     0 | D:1      | fragbeetle the Draconian Transmuter began the quest for the
                  | Orb.
     0 | D:1      | Reached XP level 1. HP: 16/16 MP: 3/3
   272 | D:1      | Found a faded altar of an unknown god.
   315 | D:1      | Reached XP level 2. HP: 23/23 MP: 3/5
   916 | D:2      | Noticed Terence
   942 | D:2      | HP: 1/23 [Terence (9)]
   943 | D:2      | Slain by Terence

Illustrated notes

Levels and vault maps discovered:
D:1:      psy_arrival_heroes, layout_basic,
          dreamdust_ecumenical_altar_angels_and_demons, hex_large
D:2:      layout_loops_cross, nrook_mini_backslash, uniq_terence

Skill      XL: |  1  2 |
---------------+-------+-----
Dodging        | 2 |  2.0
Fighting       | |  1.4
Unarmed Combat | |  3.3
Spellcasting   | |  2.2
Transmutations | |  2.4

Action                   || total
-------------------------++-------
Melee: Unarmed           ||    50
       Kick              ||    10
       Headbutt          ||     8
       Tailslap          ||     5
 Cast: Beastly Appendage ||    15
Armor: Skin              ||     9
Dodge: Dodged            ||    22

Table legend: (Time is in decaauts)
 A = Elapsed time spent in this place.
 B = Non-inter-level travel time spent in this place.
 C = Inter-level travel time spent in this place.
 D = Time resting spent in this place.
 E = Time spent auto-exploring this place.
 F = Levels seen in this place.
 G = Mean time per level.
                   A        B        C        D        E       F      G
               +--------+--------+--------+--------+--------+-----+--------+
         Total |    939 |    926 |     13 |      0 |    706 |   2 |  469.5 |
       Dungeon |    939 |    926 |     13 |      0 |    706 |   2 |  469.5 |
               +--------+--------+--------+--------+--------+-----+--------+

Top non-repeatable levels by time:
     D:1: 891 daAuts
     D:2: 47 daAuts
